Map: Newkirk Precinct TE (Void)

Players

Ajax

  • Race: Terran Terran
  • League: Diamond
  • Spawn Location: 5:00

Musumeci - Winner!

  • Race: Zerg Zerg
  • League: Diamond
  • Spawn Location: 7:00

VOD

Have the link to the VOD?

Description

Time

  • Played on: Jan. 28, 2017, 2:08 p.m.
  • Length: 14:36
Show
View Real Time Build Order
Export as new Build Order

Ajax Terran 

Build Orders: Reaper Expand, MMM Bio 

Get SALT Encoding   

  12  0:03  SCV  
  13  0:15  SCV  
  13  0:19  Supply Depot  
  14  0:27  SCV  
  15  0:41  SCV  
  16  0:43  Barracks  
  16  0:47  Refinery  
  16  0:53  SCV  
  17  1:05  SCV  
  18  1:17  SCV  
  19  1:31  Orbital Command  
  19  1:32  Reaper  
  20  1:46  Command Center  
  20  1:57  SCV  
  21  2:07  Barracks Reactor  
  21  2:09  SCV  
  22  2:15  Barracks  
  22  2:16  Supply Depot  
  22  2:21  SCV  
  23  2:37  SCV  
  23  2:46  Marine x2  
  23  2:49  SCV  
  25  2:54  Factory  
  25  3:02  Orbital Command  
  25  3:08  Marine x2  
  25  3:09  Barracks Tech Lab  
  27  3:14  SCV  
  27  3:17  Refinery  
  28  3:25  Supply Depot  
  28  3:27  SCV  
  29  3:28  Stimpack, Marine  
  29  3:29  Marine x2  
  29  3:33  SCV  
  33  3:39  SCV  
  34  3:46  SCV  
  34  3:47  Marine x2  
  37  3:50  Marine  
  37  3:51  SCV  
  39  3:58  SCV  
  39  4:01  Starport  
  39  4:02  Factory Reactor  
  40  4:08  Marine x3  
  43  4:10  SCV x2  
  45  4:22  SCV x2  
  47  4:29  Marine x3  
  50  4:35  Bunker  
  50  4:38  SCV x2  
  52  4:47  Marine x2  
  54  4:54  Marine  
  54  4:55  Medivac x2, Supply Depot  
  59  5:01  SCV x2  
  59  5:04  Marine  
  62  5:08  Barracks, Factory Reactor  
  62  5:13  Refinery  
  62  5:14  Refinery  
  62  5:16  SCV x2, Supply Depot  
  64  5:22  Marine x3  
  67  5:28  SCV  
  67  5:29  Combat Shields  
  67  5:33  SCV  
  69  5:37  Medivac  
  69  5:38  Medivac  
  69  5:40  SCV  
  74  5:45  Supply Depot  
  74  5:50  Marine x3  
  77  6:07  Marine  
  77  6:08  Supply Depot  
  78  6:14  Marine x3  
  78  6:15  Medivac x2  
  85  6:24  Engineering Bay  
  85  6:26  Factory Tech Lab  
  85  6:31  Command Center  
  85  6:35  Supply Depot  
  85  6:54  SCV x2  
  81  7:06  SCV x2  
  77  7:11  Marine x4  
  77  7:12  Marauder  
  77  7:15  Siege Tank  
  86  7:18  SCV x2  
  86  7:21  Barracks x2  
  86  7:22  Terran Infantry Weapons Level 1  
  88  7:26  Engineering Bay  
  88  7:29  Marine  
  89  7:32  SCV x2  
  91  7:38  Medivac x2  
  91  7:42  Concussive Shells  
  95  7:45  Orbital Command  
  95  7:47  Marine x3  
  95  7:48  Marauder  
  100  8:00  Siege Tank  
  103  8:06  SCV x2  
  103  8:07  Marine x3  
  103  8:08  Marine  
  103  8:10  Barracks Tech Lab  
  103  8:11  Barracks Reactor  
  109  8:15  Orbital Command  
  109  8:18  SCV  
  110  8:20  Marauder  
  110  8:25  Medivac x2  
  116  8:32  Terran Infantry Armor Level 1  
  116  8:34  Barracks  
  116  8:40  Barracks, Marine  
  117  8:41  Barracks x2  
  117  8:57  Marine x2  
  117  8:58  Marine  
  117  8:59  Marauder, Siege Tank  
  117  9:01  Supply Depot  
  117  9:02  Supply Depot  
  105  9:04  Medivac x2  
  105  9:09  SCV x3  
  112  9:16  Marine x4  
  112  9:17  Marauder, Marine  
  116  9:21  Marauder, SCV x3  
  124  9:25  Supply Depot  
  124  9:26  Supply Depot  
  124  9:28  Armory  
  124  9:32  Barracks Tech Lab x2  
  124  9:33  Barracks Reactor  
  124  9:37  Barracks Tech Lab  
  124  9:39  Siege Tank  
  127  9:47  Factory  
  127  9:48  SCV x3  
  130  9:57  Command Center  
  130  10:00  SCV x3  
  133  10:08  Refinery  
  133  10:09  Refinery  
  133  10:10  Marine x4  
  133  10:11  Marauder x4, Marine x2  
  133  10:12  Marauder, SCV x2  
  133  10:13  Barracks Tech Lab  
  151  10:16  Terran Vehicle Weapons Level 1  
  151  10:24  Terran Infantry Weapons Level 2  
  149  10:37  Siege Tank  
  149  10:39  Factory Tech Lab  
  145  11:02  Siege Tank  
  145  11:03  Marine x4  
  145  11:04  Marine x5  
  147  11:05  Marauder x2  
  123  11:24  Medivac x2  
  89  11:46  Marine  
  89  11:47  Marine x2  
  80  11:51  Marine x4  
  80  11:52  Marauder x3, Marine x2  
  93  12:03  Siege Tank x2  
  93  12:04  Marine x2  
  93  12:05  Marine  
  102  12:08  Marine x2  
  102  12:09  Marauder  
  102  12:10  Marauder x2  
  102  12:12  Orbital Command  
  102  12:13  Marauder x2  
  114  12:19  Marine  
  113  12:35  Siege Tank x2  
  113  12:36  Marine x3  
  111  12:37  Marauder x3  
  111  12:38  Marine  
  105  12:54  Orbital Command  
  105  12:55  Marine  
  105  12:57  Marine x3  
  105  12:58  Marauder x2  
  99  13:08  Marine x4  
  102  13:17  Marine  
  102  13:18  Marine x4  
  102  13:19  Marauder x2  
  111  13:25  Marine  
  111  13:26  Marine  
  112  13:43  Command Center  
  112  13:44  Marine x3  
  112  13:45  Marauder x2  
  112  13:48  Marine x3  
  122  14:01  Siege Tank  
  122  14:02  Siege Tank  
Show
View Real Time Build Order
Export as new Build Order

Musumeci Zerg - Winner!

Build Orders: Hatch First 

Get SALT Encoding   

  12  0:01  Drone  
  13  0:08  Drone  
  14  0:18  Extractor  
  14  0:19  Drone  
  15  0:41  Hatchery  
  14  0:52  Extractor  
  14  0:53  Drone  
  15  1:10  Spawning Pool  
  15  1:11  Extractor x2  
  13  1:12  Drone  
  13  1:15  Drone  
  14  1:27  Overlord  
  16  1:45  Drone x3  
  19  1:57  Queen  
  19  1:58  Queen  
  19  1:59  Drone  
  24  2:01  Drone  
  24  2:08  Overlord  
  25  2:12  Drone  
  26  2:34  Spore Crawler  
  25  2:39  Queen  
  25  2:40  Queen  
  30  2:48  Drone  
  30  2:49  Drone x5  
  36  2:52  Extractor  
  35  3:00  Overlord  
  36  3:15  Overlord  
  36  3:27  Drone x7  
  37  3:30  Hatchery  
  37  3:31  Extractor  
  37  3:32  Extractor  
  40  3:36  Roach Warren  
  40  3:38  Drone  
  40  3:40  Drone  
  41  3:44  Drone  
  42  4:00  Evolution Chamber  
  42  4:02  Evolution Chamber  
  40  4:03  Drone x3  
  40  4:04  Overlord  
  43  4:22  Drone  
  43  4:23  Drone x9  
  53  4:33  Roach  
  53  4:34  Roach  
  57  4:41  Roach  
  57  4:42  Roach  
  61  4:53  Extractor  
  61  4:54  Lair  
  61  4:55  Roach x3  
  61  4:56  Overlord  
  61  4:58  Overlord  
  66  5:00  Overlord  
  66  5:09  Spore Crawler  
  66  5:10  Zerg Missile Weapons Level 1  
  66  5:11  Spore Crawler x2  
  63  5:14  Spore Crawler  
  62  5:21  Drone  
  62  5:23  Extractor  
  62  5:24  Drone x5  
  62  5:25  Drone x2  
  62  5:26  Drone  
  70  5:52  Glial Reconstitution, Zerg Ground Armor Level 1  
  70  6:14  Overlord x4  
  70  6:21  Spore Crawler  
  70  6:24  Drone x13  
  82  6:27  Extractor x2  
  80  6:38  Roach  
  80  6:39  Roach x6  
  94  6:40  Ravager x4  
  94  6:41  Ravager  
  94  6:45  Drone x3  
  94  6:46  Drone x2  
  97  7:08  Queen  
  97  7:10  Drone  
  97  7:14  Zerg Missile Weapons Level 2  
  100  7:19  Infestation Pit, Roach  
  100  7:20  Roach x6  
  113  7:29  Drone  
  114  7:42  Overlord x5  
  114  7:43  Extractor, Overlord x2  
  114  7:44  Hatchery, Overlord  
  113  7:47  Zerg Ground Armor Level 2  
  112  8:03  Extractor  
  111  8:07  Drone  
  111  8:08  Drone x2, Overlord x2  
  111  8:09  Drone, Overlord  
  111  8:10  Drone x2  
  118  8:13  Ravager x9  
  126  8:22  Drone x2  
  126  8:23  Drone  
  126  8:24  Drone x3  
  132  8:40  Roach x5  
  132  8:41  Roach x4  
  150  8:45  Hive  
  146  9:01  Spore Crawler  
  145  9:15  Spore Crawler  
  144  9:20  Overlord  
  144  9:22  Overlord  
  144  9:26  Spore Crawler x2  
  144  9:28  Ravager  
  144  9:29  Spine Crawler, Drone x3, Ravager x3  
  144  9:30  Spine Crawler, Drone x4  
  144  9:31  Queen  
  151  9:32  Spine Crawler  
  151  9:38  Drone x6  
  153  9:40  Drone x2  
  153  9:41  Drone x3  
  164  9:46  Ravager x12  
  175  10:17  Roach  
  175  10:18  Roach x11  
  156  11:28  Roach x8  
  156  11:29  Roach x6  
  162  11:38  Roach  
  124  11:49  Roach  
  124  11:50  Roach x3  
  132  11:56  Zerg Missile Weapons Level 3  
  132  11:57  Zerg Ground Armor Level 3  
  132  12:00  Ravager x5  
  134  12:03  Ravager x5  
  134  12:04  Ravager x5  
  134  12:05  Drone  
  134  12:06  Drone x2  
  147  12:20  Hatchery, Extractor  
  147  12:21  Roach x2  
  147  12:22  Roach x7  
  163  12:23  Extractor  
  150  12:37  Roach x10  
  145  12:52  Roach x2  
  145  12:53  Roach x9  
  159  13:10  Roach x6  
  159  13:11  Ravager x2  
  159  13:12  Ravager x10  
  176  13:27  Ravager  
  176  13:28  Ravager x8  
  185  13:48  Roach x7  
Tags
 
Add a new tag
Caveats
  • Supply blocks, unpowered buildings, or Contaminate may cause inaccurate times.
  • Supply counts are checked every 10 seconds.